 Dungeon Crawl Stone Soup version 0.32-a0-643-ga006e7742e (console) character file.

Game seed: 5955500055296030574

1396348 roseri the Slayer (level 25, 147/247 HPs)
             Began as a Yellow Draconian Wanderer on Mar 7, 2024.
             Was an Initiate of Gozag.
             Escaped with the Orb
             ... and 3 runes on Mar 8, 2024!
             The game lasted 04:14:45 (101451 turns).

roseri the Slayer (Yellow Draconian Wanderer)     Turns: 101451, Time: 04:14:45

Health: 147/247    AC: 25    Str: 22    XL:     25   Next: 96%
Magic:  47/47      EV: 17    Int: 24    God:    Gozag
Gold:   7520       SH: 20    Dex: 12    Spells: 7/64 levels left

rFire   + + +        h - +3 staff {ele, rElec rF+ rC+ AC+3}
rCold   + + .        c - +2 kite shield {rC+}
rNeg    + + .        (body armour unavailable)
rPois   .            M - +2 hat
rElec   +            R - +2 cloak {Will+}
rCorr   +            O - +1 pair of gloves of Bedevilment {Int+4}
SInv    +            Q - +2 pair of boots {rampage}
Will    +++..        E - amulet of reflection
Stlth   +            L - ring of see invisible
HPRegen 0.61/turn    k - ring "Roisehal" {rF+ rN++ Will+ Str+2 Stlth+}
MPRegen 0.30/turn

%: reflection, rampage
@: studying Long Blades
A: caustic breath, AC +12, unfitting armour, acidic bite, cold-blooded, acid
resistance, fire resistance 1, strong 1, wild magic 1, inability to drink after
injury 1, persistent drain
0: Orb of Zot
}: 3/15 runes: barnacled, silver, gossamer
a: Caustic Breath, Renounce Religion, Potion Petition, Call Merchant, Bribe
Branch


You escaped.
You worshipped Gozag.
Gozag was greatly pleased with you.
You visited 9 branches of the dungeon, and saw 45 of its levels.
You also visited: Bailey, Gauntlet, Ice Cave and Wizlab.

You collected 27180 gold pieces.
You spent 6646 gold pieces at shops.
You paid 13014 gold pieces to Gozag.

Inventory:

Hand Weapons
 h - the +3 Elemental Staff (weapon) {ele, rElec rF+ rC+ AC+3}
   (You acquired it in a bailey)

   AC+3:      It affects your AC (+3).
   rF+:       It protects you from fire.
   rC+:       It protects you from cold.
   rElec:     It insulates you from electricity.
Missiles
 f - 8 throwing nets (quivered)
Armour
 c - a +2 kite shield of cold resistance (worn)
 M - a +2 hat (worn)
 O - the +1 pair of gloves of Bedevilment (worn) {Int+4}
   (You found it in a Gauntlet)

   Int+4:     It affects your intelligence (+4).
 Q - a +2 pair of boots of rampaging (worn)
 R - a +2 cloak of willpower (worn)
Jewellery
 d - a ring of flight
 k - the ring "Roisehal" (right hand) {rF+ rN++ Will+ Str+2 Stlth+}
   (You took it off an ironbound convoker on level 5 of the Vaults)

   [ring of protection from fire]

   Str+2:     It affects your strength (+2).
   rF+:       It protects you from fire.
   rN++:      It greatly protects you from negative energy.
   Will+:     It increases your willpower.
   Stlth+:    It makes you more stealthy.
 D - a +4 ring of protection
 E - an amulet of reflection (around neck)
 H - a +4 ring of slaying
 L - a ring of see invisible (left hand)
 W - a ring of poison resistance
Wands
 t - a wand of charming (53)
 G - a wand of digging (21)
 I - a wand of light (30)
 N - a wand of warping (36)
Scrolls
 b - a scroll of fog
 e - 5 scrolls of brand weapon
 i - 6 scrolls of poison
 j - 6 scrolls of enchant armour
 l - 3 scrolls of fear
 q - 7 scrolls of vulnerability
 r - 10 scrolls of revelation
 s - 5 scrolls of summoning
 u - 17 scrolls of teleportation
 v - 2 scrolls of silence
 w - 15 scrolls of enchant weapon
 y - 3 scrolls of noise
 K - 2 scrolls of amnesia
 P - 3 scrolls of blinking
 U - 2 scrolls of torment
 V - 5 scrolls of immolation
Potions
 a - 3 potions of ambrosia
 g - 2 potions of mutation
 m - 4 potions of haste
 n - 6 potions of resistance
 o - 9 potions of brilliance
 x - 13 potions of curing
 z - 5 potions of attraction
 A - 4 potions of might
 B - 12 potions of heal wounds
 C - a potion of berserk rage
 S - 6 potions of enlightenment
 T - 3 potions of magic
Miscellaneous
 p - a sack of spiders
 F - a phantom mirror
 J - a lightning rod (4/4)
 X - a phial of floods
 Z - a tin of tremorstones (2/2)


   Skills:
 + Level 24.5 Fighting
 - Level 12.0 Staves
 - Level 15.0 Dodging
 - Level 1.0 Stealth
 - Level 15.0 Shields
 - Level 20.0 Spellcasting
 - Level 15.0 Conjurations
 - Level 6.0 Summonings
 - Level 8.0 Necromancy
 - Level 3.0 Translocations
 - Level 16.0 Ice Magic
 - Level 5.0 Air Magic
 - Level 8.0 Earth Magic
 - Level 11.0 Alchemy
 - Level 15.0 Evocations


You had 7 spell levels left.
You knew the following spells:

 Your Spells              Type           Power      Damage    Failure   Level
a - Irradiate             Conj/Alch      42%        3d25      1%          5
b - Ozocubu's Armour      Ice            100%       N/A       1%          3
c - Fulminant Prism       Conj/Alch      42%        3d19      1%          4
d - Borgnjor's Vile Clut  Necr/Erth      44%        N/A       5%          5
e - Freezing Cloud        Conj/Ice/Air   63%        6-21      1%          5
f - Summon Lightning Spi  Summ/Air       78%        N/A       5%          4
g - Lee's Rapid Deconstr  Erth           44%        3d21*     5%          5
h - Ozocubu's Refrigerat  Ice            57%        4d20      5%          7
i - Eringya's Noxious Bo  Alch           39%        4d6       8%          6
j - Ignite Poison         Fire/Alch      78%        N/A       5%          4
k - Orb of Destruction    Conj           45%        9d12      8%          7
B - Blink                 Tloc           98%        N/A       2%          2

Your spell library contained the following spells:

 Spells                   Type           Power      Damage    Failure   Level
 Apportation              Tloc           98%        N/A       1%          1
 Freeze                   Ice            100%       1d10      1%          1
 Magic Dart               Conj           100%       1d8       1%          1
 Sting                    Conj/Alch      100%       1d9       1%          1
 Call Imp                 Summ           100%       N/A       1%          2
 Cigotuvi's Dreadful Rot  Necr/Alch/Air  100%       N/A       1%          2
 Ensorcelled Hibernation  Hex/Ice        100%       N/A       1%          2
 Mercury Vapours          Alch/Air       100%       N/A       1%          2
 Static Discharge         Conj/Air       100%       3-8/arc   1%          2
 Frozen Ramparts          Ice            100%       1d16      1%          3
 Hailstorm                Conj/Ice       100%       3d16      1%          3
 Mephitic Cloud           Conj/Alch/Air  97%        N/A       1%          3
 Passwall                 Erth           88%        N/A       1%          3
 Vampiric Draining        Necr           69%        2d10      1%          3
 Brom's Barrelling Bould  Conj/Erth      100%       2d11      1%          4
 Iskenderun's Mystic Bla  Conj/Tloc      72%        2d15      1%          4
 Leda's Liquefaction      Alch/Erth      47%        N/A       1%          4
 Olgreb's Toxic Radiance  Alch           79%        N/A       1%          4
 Alistair's Intoxication  Alch           52%        N/A       1%          5
 Iskenderun's Battlesphe  Conj           90%        2d14      1%          5
 Lesser Beckoning         Tloc           98%        N/A       2%          2
 Swiftness                Air            76%        N/A       2%          3
 Slow                     Hex            100%       N/A       4%          1
 Gell's Gravitas          Tloc           49%        N/A       4%          3
 Teleport Other           Tloc           49%        N/A       4%          3
 Sticky Flame             Fire/Alch      78%        2d12      5%          4
 Airstrike                Air            38%        2d(6-22)  6%          4
 Fireball                 Conj/Fire      43%        3d17      6%          5
 Bombard                  Conj/Erth      50%        9d8       6%          6
 Jinxbite                 Hex            62%        N/A       7%          2
 Volatile Blastmotes      Fire/Tloc      100%       2d18      8%          3
 Anguish                  Hex/Necr       27%        N/A       9%          4
 Conjure Ball Lightning   Conj/Air       48%        3x3d17    11%         6
 Confusing Touch          Hex            31%        N/A       13%         3
 Inner Flame              Hex/Fire       46%        N/A       13%         3
 Sigil of Binding         Hex            31%        N/A       13%         3
 Manifold Assault         Tloc           49%        N/A       13%         4
 Summon Blazeheart Golem  Fire/Summ      66%        N/A       13%         4
 Summon Forest            Summ/Tloc      28%        N/A       17%         5
 Dimensional Bullseye     Hex/Tloc       20%        N/A       22%         4
 Death Channel            Necr           34%        N/A       22%         6
 Starburst                Conj/Fire      43%        6d12      28%         6
 Cause Fear               Hex            15%        N/A       36%         4
 Spellforged Servitor     Conj/Summ      38%        N/A       41%         7
 Dispersal                Tloc           24%        N/A       83%         6
 Haunt                    Necr/Summ      33%        N/A       86%         7
 Plasma Beam              Fire/Air       40%        2x1d54    88%         6
 Summon Hydra             Summ           31%        N/A       94%         7
 Malign Gateway           Summ/Tloc      28%        N/A       99%         7
 Enfeeble                 Hex            15%        N/A       100%        7
 Discord                  Hex            15%        N/A       100%        8
 Ignition                 Fire           23%        3d8       100%        8
 Infestation              Necr           34%        N/A       100%        8
 Summon Horrible Things   Summ           31%        N/A       100%        8
 Chain Lightning          Conj/Air       48%        3d64      100%        9
 Dragon's Call            Summ           31%        N/A       100%        9
 Animate Dead             Necr           Unusable   N/A       N/A         4
 Animate Armour           Summ/Erth      Unusable   N/A       N/A         4

Dungeon Overview and Level Annotations

Branches:
Dungeon (15/15)            Temple (1/1) D:5            Lair (5/5) D:8
 Shoals (4/4) Lair:3       Spider (4/4) Lair:3        Slime (0/5) Lair:4
    Orc (2/2) D:11            Elf (0/3) Orc:2        Vaults (5/5) D:13
  Crypt (0/3) Vaults:3     Depths (4/4) D:15            Zot (5/5) Depths:4
 Bailey (visited)           IceCv (visited)          WizLab (visited)
Gauntlet (visited)

Altars:
Ashenzari
Cheibriados
Dithmenos
Elyvilon
Fedhas
Gozag
Hepliaklqana
Kikubaaqudgha
Makhleb
Nemelex Xobeh
Okawaru
Qazlal
Ru
Sif Muna
Trog
Uskayaw
Vehumet
Wu Jian
Xom
Yredelemnul
Zin
The Shining One
Beogh
Jiyva
Lugonu

Shops:
D:2 (   D:8 :**[*:   Orc:1 (   Orc:2 :[?(*   Depths:1 *(=:==:?

Portals:
Hell: Depths:1 Depths:2 Depths:3 Depths:4
Abyss: D:10 Lair:5 Depths:1 Depths:3
Pandemonium: Depths:2
Ziggurat: Depths:2
Trove: D:11 (give +5 demon blade)

Annotations:
D:10 2 transporters, Savior361's ghost, journeyman CoGl
D:14 3 runed translucent doors, Fely's ghost, journeyman DEHW
Lair:2 2 transporters, Hiwnic's ghost, journeyman OpFE
Vaults:1 2 transporters, exclusion: obsidian statue
Zot:3 2 transporters
Zot:4 3 runed translucent doors, Vytzaeja's ghost, veteran OnBe


Innate Abilities, Weirdness & Mutations

You can breathe corrosive fumes.
Your golden yellow scales are hard. (AC +12)
You cannot fit into any form of body armour.
You have acidic saliva.
You are cold-blooded and may be slowed by cold attacks.
You are resistant to acid. (rCorr)
Your flesh is heat resistant. (rF+)
Your muscles are strong. (Str +4, Int/Dex -1)
Your spells are a little harder to cast, but a little more powerful.
You occasionally lose the ability to drink potions when taking damage.
Your health recovers twice as slowly from being drained.


Message History

You hit the Orb Guardian but do no damage.
You freeze the Orb Guardian!
You kill the Orb Guardian!
You now have 7520 gold pieces (gained 19).
You are confused.
You feel invigorated.
A Tzitzimitl comes into view.
You feel better.
You feel less invigorated. The Tzitzimitl gestures at you.
The bolt of negative energy misses you.
There is a stone staircase leading down here.
You feel yourself speed up.
Your magical contamination has completely faded away.
You see here a quokka skeleton.
Aiming: Dig
Press: ? - help, Shift-Dir - straight line A rock wall.
This square is covered in magical glow.
The rock shatters into small pieces.
There is a stone staircase leading up here.
Unknown command.
Unknown command.
You climb upwards.
There is a stone staircase leading down, spattered with blood here.
Things that are here:
a +0 leather armour; a +0 hand axe You see here a +0 flail.
There is a stone staircase leading up here.
You start resting.
Your extra speed is starting to run out.
You start resting.
You feel yourself slow down.
You start resting.
A lorocyproca comes into view.
You climb upwards.
There is a stone staircase leading down here.
Magic restored.
A hellephant comes into view.
There is a staircase leading out of the dungeon here.
You have escaped!

.# ############.......##....#....
############# #.......##....#....
###.........#####......#....###..
...............##..###.#.#+## #.#
.....⌠...⌠.......#.###.#.#+####.#
..⌠.........⌠Y..##.....#.....##.#
.......≈...(.....#.##........##.#
.⌠...........⌠...#.##.###....##..
....≈.....≈.....@#.##.# ##....÷..
.⌠........[..⌠...#.##.####..#####
.......≈.........#...............
..⌠.........⌠...#####.####..#....
.....⌠...⌠.......####.......#....
...............####.....##.##....
###..(......#### #.....##.##....
############# ####...#....##....
.# #........#..##....


You could see a hellephant.

Vanquished Creatures
  9 dread liches
  4 orbs of fire
  Mara (Vaults:4)
  4 ancient liches
  Mennas (Depths:3)
  A juggernaut (Depths:3)
  5 Killer Klowns (Zot:5)
  Margery (Vaults:2)
  10 golden dragons
  the Enchantress (Depths:4)
  A bone dragon (Vaults:3)
  3 electric golems
  A Cloud Mage (WizLab)
  A hellephant (Vaults:2)
  18 tentacled monstrosities
  2 liches
  Asterion (Spider:2)
  A walking earthen tome (Zot:2)
  9 quicksilver dragons
  Mlioglotl (Shoals:1)
  2 walking divine tomes (Zot:2)
  2 walking frostbound tomes (Depths:3)
  7 titans
  23 Orb Guardians
  Grunn (Depths:2)
  6 sphinxes
  10 death cobs
  A kraken (Shoals:3)
  8 tengu reavers
  19 storm dragons
  16 shadow dragons
  Ilsuiw (Shoals:3)
  2 draconian knights
  Aizul (Spider:1)
  Donald (Shoals:4)
  5 fire giants
  3 draconian monks
  9 draconian shifters
  An iron dragon (Vaults:5)
  13 frost giants
  5 narguns
  3 ghost moths
  3 emperor scorpions (Spider:4)
  5 protean progenitors
  8 draconian scorchers
  Louise (Spider:1)
  3 orc warlords
  2 draconian annihilators
  2 draconian stormcallers
  20 vault wardens
  7 spriggan defenders
  21 ironbound preservers
  4 broodmothers
  14 very ugly things
  15 stone giants
  A formless jellyfish (Vaults:3)
  6 ironbound thunderhulks
  4 vampire knights
  2 deep elf demonologists
  9 black draconians
  10 green draconians
  3 minotaurs
  2 deep elf death magi
  7 purple draconians
  3 war gargoyles (Vaults:5)
  6 yellow draconians
  A deep elf annihilator (Vaults:5)
  8 white draconians
  6 red draconians
  15 dire elephants
  7 spark wasps
  2 blizzard demons (WizLab)
  11 fire dragons
  3 jiangshi (Depths:2)
  3 crystal guardians
  Josephine (Lair:4)
  17 ettins
  Snorg (D:13)
  The ghost of Eghac the Mimic, a journeyman DsSh of Okawaru (D:13)
  A deep elf high priest (Vaults:5)
  2 great orbs of eyes
  8 merfolk javelineers
  12 yaktaur captains
  9 entropy weavers
  11 merfolk impalers
  5 rakshasas
  9 ice dragons
  3 peacekeepers
  9 hydras
  2 ogre magi (Vaults:5)
  32 vault guards
  4 jorogumos
  2 catoblepae
  4 ghost crabs
  11 spriggan air magi
  9 ironbound frosthearts
  An alligator snapping turtle (Shoals:4)
  2 two-headed ogres (shapeshifter)
  2 merfolk avatars
  6 merfolk aquamancers
  2 dancing weapons (Zot:2)
  12 centaur warriors
  3 boulder beetles
  7 deep troll shamans
  A vampire mage (Depths:2)
  3 deep troll earth magi
  5 orc high priests (Orc:2)
  4 two-headed ogres
  4 satyrs
  7 tengu warriors
  The ghost of LobsterGuardian the Frost Mage, a novice DrIE of Gozag (D:8)
  6 death yaks (IceCv)
  7 demonic crawlers
  3 thrashing horrors (Lair:5)
  3 hell hogs (Depths:2)
  16 hell knights
  7 spriggan berserkers
  Urug (Lair:2)
  3 shock serpents (WizLab)
  5 skeletal warriors (D:13)
  2 skysharks
  A sun demon (Depths:4)
  4 pharaoh ants
  4 death drakes (WizLab)
  A golden dragon zombie (Depths:2)
  5 iron trolls
  A mana viper (shapeshifter) (Depths:2)
  A shining eye (shapeshifter) (Depths:2)
  3 glowing orange brains
  46 deep trolls
  4 arcanists
  10 sea snakes
  2 sun moths
  A spriggan simulacrum (Depths:2)
  5 phantasmal warriors
  A glowing orange brain (shapeshifter) (Depths:3)
  3 tengu zombies
  A flayed ghost (Depths:3)
  18 ironbound convokers
  2 large abominations (Lair:5)
  9 orb spiders
  19 harpies
  2 deep elf pyromancers (D:15)
  11 orc knights
  22 wolf spiders
  6 steelbarb worms
  10 necromancers
  4 lindwurms
  A stone giant zombie (Vaults:2)
  2 tengu skeletons (Depths:2)
  An eye of devastation (shapeshifter) (Depths:2)
  4 orc sorcerers (Orc:2)
  17 manticores
  49 ugly things
  A salamander (Depths:1)
  A moth of wrath (shapeshifter) (Vaults:5)
  6 cyclopes
  39 moths of wrath
  8 fauns
  A faun (shapeshifter) (Depths:3)
  10 meliai
  3 water nymphs (Shoals:4)
  4 apocalypse crabs (WizLab)
  11 merfolk sirens
  43 slime creatures
  19 vault sentinels
  Joseph (Lair:1)
  26 elephants
  A smoke demon (Lair:5)
  6 gargoyles
  A kobold blastminer (Orc:2)
  4 black mambas
  2 ice statues
  9 torpor snails
  13 cane toads
  Jeremiah (Lair:1)
  9 komodo dragons
  A rime drake (Lair:2)
  3 unseen horrors
  A spark wasp simulacrum (Depths:2)
  2 efreet
  2 freezing wraiths
  29 yaktaurs
  2 tengu conjurers
  A hellwing (D:8)
  2 ice devils (Lair:4)
  2 polar bears (shapeshifter)
  13 polar bears
  Prince Ribbit (D:5)
  A wind drake (shapeshifter) (Lair:5)
  28 tarantellas
  8 trolls
  9 hornets
  32 merfolk
  7 wind drakes
  27 blink frogs
  5 dream sheep
  7 snapping turtles
  A glass eye (Depths:2)
  2 raiju (Lair:5)
  Sigmund (D:3)
  22 jumping spiders
  2 vampires
  15 water elementals
  A ynoxinul (Lair:5)
  An ettin skeleton (Depths:2)
  12 spriggans
  A spriggan (shapeshifter) (D:15)
  A spriggan skeleton (Depths:2)
  4 wyverns
  2 centaur simulacra (D:10)
  7 wraiths
  21 culicivoras
  7 air elementals (WizLab)
  13 small abominations (Lair:5)
  6 basilisks
  2 yaks (shapeshifter)
  A wyvern (shapeshifter) (Lair:5)
  75 yaks
  A steam dragon (D:7)
  4 wargs
  3 chaos spawn
  2 neqoxecs
  9 vampire mosquitoes (D:11)
  54 redbacks
  Edmund (D:6)
  An acid dragon (D:11)
  A glowing shapeshifter zombie (Depths:2)
  10 water moccasins
  An ogre skeleton (Vaults:2)
  A sky beast (D:7)
  An ice beast (D:7)
  36 orc warriors
  A black bear (Lair:2)
  2 laughing skulls (D:13)
  12 ogres
  27 wolves
  2 boggarts (D:11)
  9 centaurs
  A kobold brigand (D:9)
  15 bullfrogs
  3 scorpions
  9 wights
  13 killer bees
  11 howler monkeys
  An electric eel (D:7)
  18 orc priests
  2 hounds (D:4)
  An iron imp (D:8)
  A bombardier beetle (D:6)
  4 jellies
  Crazy Yiuf (D:5)
  2 gnoll boudas
  Jessica (D:3)
  3 iguanas
  14 orc wizards
  6 hell rats (Lair:2)
  13 gnolls
  2 adders (D:4)
  2 white imps
  An ufetubus (D:10)
  2 ribbon worms
  91 orcs
  8 ball pythons
  4 endoplasms
  A giant cockroach (D:4)
  8 goblins
  11 hobgoblins
  9 jackals
  6 quokkas
  3 training dummies (Orc:1)
  3 bats
  5 frilled lizards
  A goblin zombie (D:7)
  15 kobolds
  A quokka zombie (D:7)
  4 rats
  3 tentacles (Shoals:3)
2040 creatures vanquished.

Vanquished Creatures (collateral kills)
  An orb of fire (Zot:1)
  2 juggernauts (Depths:3)
  A doom hound (Depths:2)
  2 emperor scorpions (Spider:4)
  A frost giant (Depths:3)
  A ghost moth (Spider:4)
  A vault warden (Vaults:4)
  2 ironbound preservers (Vaults:4)
  An orc warlord (Orc:2)
  A dire elephant (Vaults:2)
  An ettin (Depths:1)
  A fire dragon (Depths:1)
  An entropy weaver (Spider:2)
  2 demonic crawlers
  2 sea snakes (Shoals:1)
  2 deep trolls (Vaults:4)
  2 orb spiders (Spider:4)
  2 sun moths (Spider:3)
  A harpy (Shoals:1)
  A steelbarb worm (Spider:4)
  2 ugly things (Depths:3)
  4 wolf spiders (Spider:4)
  2 water nymphs (Shoals:1)
  2 yaktaurs (Vaults:2)
  A merfolk (Shoals:1)
  3 tarantellas (Spider:4)
  5 jumping spiders
  A water elemental (Depths:3)
  A culicivora (Spider:1)
  A redback (Spider:4)
  An orc warrior (Orc:2)
  An orc (D:13)
52 creatures vanquished.

Vanquished Creatures (others)
  2 doom hounds (Depths:2)
  A red draconian (Zot:3)
  A sphinx zombie (Depths:2)
  Erica (D:8)
  A merfolk aquamancer (Shoals:1)
  A yaktaur (Vaults:2)
  A spriggan (Depths:2)
  A shadow (D:11)
  204 fulminant prisms
  13 tentacles (Shoals:3)
226 creatures vanquished.

Grand Total: 2318 creatures vanquished

Notes
Turn   | Place    | Note
-------+----------+-------------------------------------------
     0 | D:1      | roseri the Draconian Wanderer began the quest for the Orb.
     0 | D:1      | roseri set off with the following items: a +0 club, a
                  | potion of lignification, a +0 buckler; and the following
                  | spells available to memorise: Apportation, Blink, Freeze,
                  | Ozocubu's Armour, Dimensional Bullseye.
     0 | D:1      | Reached XP level 1. HP: 14/14 MP: 3/3
     2 | D:1      | Learned a level 1 spell: Freeze
   226 | D:1      | Reached XP level 2. HP: 20/20 MP: 3/5
   690 | D:1      | Reached XP level 3. HP: 26/26 MP: 1/6
   841 | D:1      | Learned a level 3 spell: Ozocubu's Armour
   844 | D:1      | Learned a level 2 spell: Blink
   902 | D:1      | Found a faded altar of an unknown god.
   910 | D:1      | Got Plato's Handbook of Congelation
  1070 | D:2      | Found an ancient bone altar of Kikubaaqudgha.
  1362 | D:2      | Found Saromp's Weapon Shoppe.
  1803 | D:3      | Noticed an ogre
  1897 | D:2      | Reached XP level 4. HP: 32/34 MP: 8/8
  1962 | D:3      | Noticed Jessica
  1969 | D:3      | Reached skill level 1 in Fighting
  1970 | D:3      | Killed Jessica
  1971 | D:3      | Reached skill level 2 in Fighting
  2445 | D:3      | Noticed Sigmund
  2748 | D:2      | Reached XP level 5. HP: 16/42 MP: 6/9
  2868 | D:2      | Reached skill level 3 in Fighting
  3202 | D:4      | Found a basalt altar of Yredelemnul.
  3364 | D:4      | Found a shadowy altar of Dithmenos.
  3506 | D:4      | Reached XP level 6. HP: 46/52 MP: 12/12
  3551 | D:4      | Reached skill level 4 in Fighting
  4575 | D:4      | Reached skill level 5 in Fighting
  5027 | D:4      | Your scales start taking on a golden yellow colour.
  5027 | D:4      | Reached XP level 7. HP: 61/61 MP: 13/13
  5027 | D:4      | Gained mutation: You are resistant to acid. (rCorr) [Yellow
                  | Draconian growth]
  5057 | D:5      | Entered Level 5 of the Dungeon
  5134 | D:5      | Found a snail-covered altar of Cheibriados.
  5197 | D:5      | Reached skill level 1 in Dodging
  5328 | D:5      | Found a staircase to the Ecumenical Temple.
  5333 | D:5      | Noticed Prince Ribbit
  5336 | Temple   | Entered the Ecumenical Temple
  5345 | Temple   | Became a worshipper of Gozag Ym Sagoz the Greedy
  5366 | D:5      | Killed Prince Ribbit
  5523 | D:5      | Found an ornate altar of the Wu Jian Council.
  5537 | D:5      | Found an iron altar of Okawaru.
  5837 | D:5      | Identified the +8 hammer of the Twisting Gods {protect,
                  | rCorr Int+2}
  5848 | D:5      | Found a runed translucent door.
  5849 | D:5      | Noticed Crazy Yiuf
  5858 | D:5      | Killed Crazy Yiuf
  6316 | D:3      | Killed Sigmund
  6317 | D:3      | Reached skill level 5 in Shields
  6317 | D:3      | Reached XP level 8. HP: 57/69 MP: 14/14
  6653 | D:6      | Reached skill level 6 in Fighting
  6714 | D:6      | Found a sparkling altar of Nemelex Xobeh.
  6839 | D:6      | Noticed Edmund
  6867 | D:6      | Killed Edmund
  6868 | D:6      | Reached skill level 5 in Spellcasting
  6919 | D:6      | Found a shimmering blue altar of Sif Muna.
  7436 | D:7      | Found a flagged portal.
  7525 | Bailey   | Entered a bailey
  7542 | Bailey   | Reached skill level 7 in Fighting
  7616 | Bailey   | Learned a level 4 spell: Fulminant Prism
  7931 | Bailey   | Reached skill level 1 in Conjurations
  7931 | Bailey   | Reached skill level 1 in Alchemy
  8105 | Bailey   | Noticed an orc knight
  8178 | Bailey   | Reached XP level 9. HP: 50/79 MP: 18/18
  8182 | Bailey   | Killed an orc knight
  8183 | Bailey   | Reached XP level 10. HP: 55/86 MP: 19/19
  8499 | Bailey   | Acquired the +3 Elemental Staff {ele, rElec rF+ rC+ AC+3}
  8499 | Bailey   | Found the +3 Elemental Staff {ele, rElec rF+ rC+ AC+3}
  8926 | D:7      | Reached skill level 1 in Evocations
  9020 | D:7      | Reached skill level 8 in Fighting
  9125 | D:7      | Found a glowing golden altar of the Shining One.
  9138 | D:7      | Found a stormy altar of Qazlal.
  9416 | D:8      | Noticed Erica
  9491 | D:8      | Killed Erica
  9727 | D:8      | Found a runed translucent gate.
  9728 | D:8      | Found a runed translucent gate.
  9729 | D:8      | Found a runed translucent gate.
  9729 | D:8      | Identified the +9 trident of Mourning {spect, Dex+3}
  9730 | D:8      | Noticed LobsterGuardian's ghost (novice DrIE)
  9800 | D:8      | Found a blossoming altar of Fedhas.
  9827 | D:8      | You are sucked into a shaft and drop 3 floors!
 10066 | D:11     | Noticed a cyclops
 10192 | D:11     | Killed a cyclops
 10345 | D:11     | Reached XP level 11. HP: 66/94 MP: 21/21
 10525 | D:11     | Noticed a vault guard
 10532 | D:11     | Found a portal to a secret trove of treasure.
 11034 | D:11     | Found a staircase to the Orcish Mines.
 11036 | D:11     | Noticed a two-headed ogre
 11057 | D:11     | Killed a two-headed ogre
 11263 | D:11     | Reached skill level 5 in Evocations
 11299 | D:11     | Found a roughly hewn altar of Beogh.
 11409 | D:11     | Noticed a two-headed ogre
 11416 | D:10     | Entered Level 10 of the Dungeon
 11893 | D:10     | Found a transporter.
 11926 | D:10     | Found a broken altar of Ashenzari.
 11954 | D:10     | Found a one-way gate to the infinite horrors of the Abyss.
 11954 | D:10     | Noticed Savior361's ghost (journeyman CoGl)
 12715 | D:11     | Noticed a two-headed ogre
 12746 | D:11     | Killed a two-headed ogre
 12939 | D:11     | Killed a vault guard
 13586 | D:10     | Found a transporter.
 13665 | D:10     | Noticed a soul eater
 13666 | D:10     | Reached skill level 1 in Staves
 15151 | D:9      | Found a hazy altar of Hepliaklqana.
 15158 | D:9      | Reached XP level 12. HP: 101/101 MP: 25/25
 15608 | D:9      | Found a hide-covered altar of Uskayaw.
 15626 | D:9      | Found a shimmering altar of Xom.
 15903 | D:9      | Got Sif Muna's Quarto of Tempestuous Mischance
 16057 | D:9      | Learned a level 5 spell: Borgnjor's Vile Clutch
 16101 | D:8      | Found a staircase to the Lair.
 16271 | D:8      | Found a burning altar of Makhleb.
 16622 | Lair:1   | Entered Level 1 of the Lair of Beasts
 16656 | D:8      | Reached skill level 1 in Earth Magic
 16823 | Lair:1   | Noticed a catoblepas
 16828 | D:8      | Reached skill level 1 in Necromancy
 17209 | Lair:2   | Noticed a five-headed hydra
 17221 | Lair:2   | Killed a five-headed hydra
 17413 | Lair:2   | Noticed a boulder beetle
 17425 | Lair:2   | Noticed Hiwnic's ghost (journeyman OpFE)
 17441 | Lair:2   | Found a transporter.
 17477 | Lair:1   | Noticed Urug
 17572 | Lair:2   | Found a transporter.
 17648 | Lair:2   | Reached skill level 5 in Earth Magic
 17679 | Lair:2   | Learned a level 5 spell: Freezing Cloud
 18079 | Lair:2   | Killed Urug
 18080 | Lair:2   | Reached skill level 5 in Necromancy
 18541 | Lair:1   | Noticed Joseph
 18557 | Lair:1   | Killed Joseph
 18591 | Lair:1   | Noticed Jeremiah
 18862 | Lair:2   | Killed a catoblepas
 19104 | Lair:1   | Killed Jeremiah
 19240 | Lair:2   | Reached XP level 13. HP: 76/107 MP: 26/26
 20098 | Lair:3   | Got Miydoll's Tractate on Shivering Clouds
 20388 | Lair:3   | Found a hole to the Spider Nest.
 20590 | Lair:3   | Found a staircase to the Shoals.
 21106 | Lair:4   | Reached skill level 10 in Spellcasting
 21347 | Lair:4   | Found a frozen archway.
 21362 | IceCv    | Entered an ice cave
 21777 | IceCv    | Reached skill level 5 in Staves
 22092 | IceCv    | Reached skill level 1 in Air Magic
 22669 | IceCv    | Noticed a frost giant
 22676 | IceCv    | Killed a frost giant
 22847 | IceCv    | Identified the +1 leather armour of Caosel {Int+4}
 23283 | Lair:4   | Noticed Josephine
 23500 | Lair:4   | Gained mutation: You have acidic saliva. [Yellow Draconian
                  | growth]
 23500 | Lair:4   | Reached XP level 14. HP: 115/115 MP: 15/28
 23727 | Lair:4   | Killed Josephine
 23982 | Lair:4   | Found a staircase to the Slime Pits.
 23984 | Lair:4   | Found a viscous altar of Jiyva.
 24474 | Lair:5   | Entered Level 5 of the Lair of Beasts
 24627 | Lair:5   | Reached skill level 5 in Ice Magic
 25118 | Lair:5   | Reached skill level 10 in Staves
 25658 | Lair:5   | Reached skill level 10 in Ice Magic
 26813 | Lair:5   | Reached XP level 15. HP: 113/121 MP: 17/29
 27061 | Lair:5   | Found a corrupted altar of Lugonu.
 27433 | D:8      | Killed LobsterGuardian's ghost
 27544 | Orc:1    | Entered Level 1 of the Orcish Mines
 27823 | Orc:1    | Found Gahe's Firing Range.
 28030 | Orc:2    | Entered Level 2 of the Orcish Mines
 28030 | Orc:2    | Found a gate leading to a gauntlet.
 28030 | Orc:2    | Found a staircase to the Elven Halls.
 28034 | Gauntlet | Entered a Gauntlet
 28034 | Gauntlet | Found a transporter.
 28034 | Gauntlet | Found a transporter.
 28047 | Gauntlet | Found a transporter.
 28063 | Gauntlet | Found a transporter.
 28063 | Gauntlet | Found a transporter.
 28063 | Gauntlet | Found a transporter.
 28065 | Gauntlet | Found a transporter.
 28065 | Gauntlet | Found a transporter.
 28078 | Gauntlet | Found a runed translucent door.
 28081 | Gauntlet | Found a transporter.
 28098 | Gauntlet | Found a transporter.
 28103 | Gauntlet | Found a runed translucent door.
 28105 | Gauntlet | Found a transporter.
 28107 | Gauntlet | Found a runed translucent door.
 28110 | Gauntlet | Found a transporter.
 28144 | Gauntlet | Found a transporter.
 28156 | Gauntlet | Found a transporter.
 28326 | Gauntlet | Identified the +1 pair of gloves of Bedevilment {Int+4}
 28523 | Gauntlet | Identified the staff of Ysyjopab {rF+ rC+ Will++ Dex+3 Ice}
 28551 | Orc:2    | Found Moroc's Magic Scroll Shop.
 28561 | Orc:2    | Bought a scroll of fear for 56 gold pieces
 28561 | Orc:2    | Bought a scroll of blinking for 105 gold pieces
 28605 | Orc:2    | Found Puuromnade's General Store.
 28941 | Orc:2    | Found Efiheix's Antique Weapon Shop.
 29618 | Orc:2    | Found Haith's Book Emporium.
 29901 | Orc:2    | Found a shimmering altar of Xom.
 30135 | Orc:2    | Found Juesk's Antique Armour Shop.
 30270 | Orc:2    | Learned a level 4 spell: Summon Lightning Spire
 30587 | D:12     | Reached skill level 1 in Summonings
 30846 | D:12     | Found a shadowy altar of Dithmenos.
 30851 | D:12     | Identified the amulet "Xueps" {Spirit rElec rF++ rCorr
                  | Int-2}
 31733 | D:13     | Found a runed translucent gate.
 31944 | D:13     | Reached skill level 10 in Evocations
 32179 | D:13     | Noticed Snorg
 32190 | D:13     | Killed Snorg
 32446 | D:13     | Found a gate to the Vaults.
 32534 | D:13     | Found a runed translucent gate.
 32534 | D:13     | Found a runed translucent gate.
 32537 | D:13     | Noticed Eghac's ghost (journeyman DsSh)
 32542 | D:13     | Identified the +5 orcbow of Laceration {drain, Str+3 SInv}
 32723 | D:13     | Found a roughly hewn altar of Beogh.
 33122 | D:13     | Killed Eghac's ghost
 33535 | D:14     | Found a runed translucent gate.
 33536 | D:14     | Found a runed translucent gate.
 33536 | D:14     | Noticed a frost giant
 33538 | D:14     | Found a runed translucent gate.
 33538 | D:14     | Noticed Fely's ghost (journeyman DEHW)
 33866 | D:14     | Reached XP level 16. HP: 127/128 MP: 30/30
 34034 | D:14     | Reached skill level 15 in Ice Magic
 34644 | D:14     | Found an iron altar of Okawaru.
 34659 | D:15     | Entered Level 15 of the Dungeon
 35660 | D:15     | Found a staircase to the Depths.
 36169 | Spider:1 | Entered Level 1 of the Spider Nest
 36717 | D:8      | Bought a pair of embroidered boots for 202 gold pieces
 36738 | D:8      | Bought a +0 cloak of willpower for 184 gold pieces
 36751 | D:8      | Bought a wand of light (8) for 537 gold pieces
 36751 | D:8      | Bought a wand of warping (5) for 192 gold pieces
 36751 | D:8      | Bought a scroll of summoning for 152 gold pieces
 36751 | D:8      | Bought a potion of curing for 48 gold pieces
 36755 | D:8      | Bought a scroll of summoning for 256 gold pieces
 36755 | D:8      | Bought a scroll of summoning for 256 gold pieces
 36755 | D:8      | Bought a scroll of enchant weapon for 202 gold pieces
 36878 | Spider:1 | Noticed Louise
 36894 | Spider:1 | Killed Louise
 37163 | Spider:1 | Reached skill level 9 in Fighting
 37484 | Spider:1 | Identified the serpent talisman of the Distant Future
                  | {rElec rC+ Str+2}
 37484 | Spider:1 | Noticed Aizul
 37491 | Spider:1 | Killed Aizul
 37801 | Spider:1 | Reached skill level 10 in Fighting
 38483 | Spider:2 | Reached skill level 11 in Fighting
 38601 | Spider:2 | Noticed Asterion
 38618 | Spider:2 | Killed Asterion
 39046 | Spider:2 | Reached skill level 5 in Air Magic
 39708 | Spider:2 | Reached skill level 12 in Fighting
 40884 | Spider:2 | Reached skill level 5 in Dodging
 41135 | Spider:3 | Reached XP level 17. HP: 130/145 MP: 27/33
 41633 | Spider:3 | Identified the +0 plate armour of the Imp {Int+4}
 41642 | Spider:3 | Reached skill level 13 in Fighting
 41971 | Spider:4 | Entered Level 4 of the Spider Nest
 43309 | Spider:4 | Reached skill level 14 in Fighting
 45678 | Spider:4 | Got a gossamer rune of Zot
 45903 | Shoals:1 | Entered Level 1 of the Shoals
 46770 | Shoals:1 | Reached skill level 5 in Summonings
 47639 | Shoals:1 | Reached skill level 15 in Fighting
 48001 | Shoals:2 | Reached XP level 18. HP: 143/163 MP: 30/34
 48293 | Shoals:2 | Noticed Mlioglotl
 48332 | Shoals:1 | Noticed a bone dragon
 48352 | Shoals:1 | Killed Mlioglotl
 48673 | Shoals:2 | Identified the -1 pair of boots of the Minstrel {^Drain rN+
                  | Will+++ rCorr}
 49666 | Shoals:3 | Noticed Ilsuiw
 49679 | Shoals:3 | Killed Ilsuiw
 49927 | Shoals:3 | Reached skill level 16 in Fighting
 50151 | Shoals:3 | Identified the blade talisman "Xeifyden" {rC+ Will+ Dex+3
                  | Stlth+}
 51622 | Shoals:4 | Entered Level 4 of the Shoals
 52011 | Shoals:4 | Reached skill level 10 in Dodging
 53544 | Shoals:4 | Noticed Donald
 53559 | Shoals:4 | Killed Donald
 53839 | Shoals:4 | Got a barnacled rune of Zot
 53866 | Shoals:4 | Learned a level 5 spell: Lee's Rapid Deconstruction
 54056 | D:8      | Bought a wand of light (6) for 806 gold pieces
 54056 | D:8      | Bought a scroll of blinking for 240 gold pieces
 54056 | D:8      | Bought a scroll of teleportation for 96 gold pieces
 54172 | Vaults:1 | Entered Level 1 of the Vaults
 54523 | Vaults:1 | Reached XP level 19. HP: 145/172 MP: 6/37
 54744 | Vaults:1 | Found a transporter.
 54757 | Vaults:1 | Found a transporter.
 54834 | Vaults:1 | Reached skill level 15 in Spellcasting
 56769 | Vaults:2 | Noticed Margery
 56782 | Vaults:2 | Noticed a hellephant
 56783 | Vaults:2 | Killed Margery
 56784 | Vaults:2 | Reached skill level 17 in Fighting
 57406 | Vaults:2 | Killed a hellephant
 58255 | Vaults:2 | Reached skill level 18 in Fighting
 58831 | Vaults:2 | Noticed a Tzitzimitl
 59492 | Vaults:3 | Reached XP level 20. HP: 176/187 MP: 23/40
 60171 | Vaults:3 | Noticed a bone dragon
 60207 | Vaults:3 | Killed a bone dragon
 60484 | Vaults:3 | Paralysed by a sphinx for 4 turns
 61090 | Vaults:3 | Paralysed by a formless jellyfish for 1 turns
 61851 | Vaults:3 | Found a staircase to the Crypt.
 62416 | Vaults:4 | Reached skill level 10 in Shields
 62993 | Vaults:4 | Paralysed by a sphinx for 3 turns
 63123 | Vaults:4 | Noticed Mara
 63143 | Vaults:4 | Noticed roseri's illusion
 64802 | Vaults:4 | Killed Mara
 65499 | Depths:1 | Entered Level 1 of the Depths
 65611 | Depths:1 | Found a blossoming altar of Fedhas.
 65671 | Depths:1 | Found Ysoy's Jewellery Shop.
 65762 | Depths:1 | Found Hocvoiz's General Store.
 65788 | Depths:1 | Bought a scroll of teleportation for 63 gold pieces
 65788 | Depths:1 | Bought a scroll of teleportation for 63 gold pieces
 65809 | Depths:1 | Found Hamyseb's Antique Weapon Shoppe.
 66130 | Depths:1 | Found Ginae's Magic Scroll Shoppe.
 66362 | Depths:1 | Reached XP level 21. HP: 95/194 MP: 28/41
 66376 | Depths:1 | Found Xifynuy's Book Shoppe.
 66703 | Depths:1 | Bought the Unrestrained Analects for 528 gold pieces
 66711 | Depths:1 | Learned a level 7 spell: Ozocubu's Refrigeration
 67055 | Depths:1 | Identified the orb of the Farmer {guile, rC++ rCorr Dex-3
                  | Ice}
 67210 | Depths:1 | Found a gateway to Hell.
 67354 | Depths:1 | Found Ropp's Jewellery Shop.
 67354 | Depths:1 | Found Zoutadax's Book Shoppe.
 67355 | Depths:1 | Found Dyto Poak's Jewellery Shop.
 67356 | Depths:1 | Identified the +7 flail "Kuideer" {heavy, Int+6}
 68939 | Depths:2 | Found a one-way gate leading to the halls of Pandemonium.
 69051 | Depths:2 | Found a one-way gateway to a ziggurat.
 69059 | Depths:2 | Noticed Grunn
 69118 | Depths:2 | Killed Grunn
 70472 | Depths:2 | Acquired 876 gold pieces
 71395 | Depths:2 | Reached skill level 19 in Fighting
 72492 | Depths:2 | Reached XP level 22. HP: 175/205 MP: 43/43
 72630 | Depths:2 | Reached skill level 15 in Shields
 73126 | Depths:3 | Found a magical portal.
 73143 | WizLab   | Entered The Chambers of the Cloud Mage
 73413 | WizLab   | Paralysed by an air elemental for 1 turns
 73418 | WizLab   | Paralysed by an air elemental for 1 turns
 73425 | WizLab   | Paralysed by an air elemental for 1 turns
 73481 | WizLab   | Paralysed by an air elemental for 1 turns
 73484 | WizLab   | Paralysed by an air elemental for 1 turns
 73499 | WizLab   | Reached skill level 10 in Conjurations
 74366 | WizLab   | Paralysed by an air elemental for 1 turns
 74380 | WizLab   | Paralysed by an air elemental for 1 turns
 74439 | WizLab   | Paralysed by an air elemental for 1 turns
 74987 | WizLab   | Got the Vellum of the Wind
 75094 | Depths:3 | Noticed Mennas
 75161 | Depths:3 | Killed Mennas
 75541 | Depths:1 | Bought a book of Spontaneous Combustion for 456 gold pieces
 75547 | Depths:1 | Learned a level 5 spell: Irradiate
 75734 | Depths:3 | Noticed a juggernaut
 75742 | Depths:3 | Noticed a juggernaut
 75752 | Depths:3 | Killed a juggernaut
 75757 | Depths:3 | Killed a juggernaut
 76006 | Depths:3 | Noticed a juggernaut
 76016 | Depths:3 | Killed a juggernaut
 76229 | Depths:3 | Identified the staff of the Magi {rPois rF+ Alchemy}
 76274 | Depths:3 | Noticed a golden dragon
 76284 | Depths:3 | Killed a golden dragon
 76884 | Depths:4 | Entered Level 4 of the Depths
 77252 | Depths:4 | Noticed the Enchantress
 77329 | Depths:4 | Killed the Enchantress
 78673 | Depths:4 | Found a broken altar of Ashenzari.
 79027 | Depths:4 | Found a gate to the Realm of Zot.
 79030 | Depths:4 | Noticed a golden dragon
 79487 | Depths:4 | Noticed a golden dragon
 79501 | Depths:4 | Killed a golden dragon
 79563 | Depths:4 | Killed a golden dragon
 79864 | Depths:1 | Bought Hermetics, Volume Six for 462 gold pieces
 79864 | Depths:1 | Bought a Fen Folio for 462 gold pieces
 80038 | D:8      | Bought an Everburning Encyclopedia for 608 gold pieces
 80045 | D:8      | Learned a level 6 spell: Eringya's Noxious Bog
 80050 | D:8      | Learned a level 4 spell: Ignite Poison
 80232 | Vaults:5 | Entered Level 5 of the Vaults
 80232 | Vaults:5 | Noticed a dread lich
 80237 | Vaults:5 | Reached XP level 23. HP: 212/215 MP: 33/46
 80418 | Vaults:5 | Reached skill level 10 in Alchemy
 80427 | Vaults:5 | Reached skill level 20 in Fighting
 80757 | Vaults:5 | Noticed an ancient lich
 80780 | Vaults:5 | Killed an ancient lich
 80971 | Vaults:5 | Got a silver rune of Zot
 81028 | Vaults:5 | Killed a dread lich
 81267 | Vaults:5 | Reached skill level 21 in Fighting
 81893 | Vaults:5 | Identified the ring "Roisehal" {rF+ rN++ Will+ Str+2
                  | Stlth+}
 82398 | Vaults:5 | Found the +0 pair of fencer's gloves {Riposte Dex+3}
 82822 | Vaults:5 | Noticed a dread lich
 83047 | Vaults:5 | Identified the staff "Killer Klown's Foe" {rF+ rC++ Will+
                  | Hexes Fire}
 83261 | Vaults:5 | Got the Dissertation on Spooky Action
 83263 | Vaults:5 | Identified the staff of Fate {rPois Dex+2 Alchemy}
 83301 | Vaults:5 | Killed a dread lich
 83302 | Vaults:5 | Reached skill level 22 in Fighting
 83606 | Vaults:5 | Identified the +6 quarterstaff "Kawn" {pain, Str+4 Stlth+}
 83804 | Vaults:5 | Identified the +0 rapier "Ygoxt" {antimagic, rPois rF+
                  | Int+3 Dex-4}
 84542 | Zot:1    | Entered Level 1 of the Realm of Zot
 84620 | Zot:1    | Noticed an orb of fire
 85328 | Zot:1    | Identified the +6 arbalest of Taate {penet, rPois Str+5}
 85951 | Zot:1    | Gained mutation: You are robust. (+10% HP) [an orb of fire]
 85953 | Zot:1    | Killed an orb of fire
 86698 | D:8      | Bought a book of Dangerous Friends for 672 gold pieces
 86706 | D:8      | Learned a level 7 spell: Orb of Destruction
 86961 | Zot:2    | Reached XP level 24. HP: 216/254 MP: 46/46
 89753 | Zot:3    | You fall into a shaft and drop 1 floor!
 89758 | Zot:4    | Noticed an orb of fire
 89774 | Zot:3    | Identified the +4 double sword of Wrongful Imprisonment
                  | {freeze, rF+ rN+ Dex+4}
 91249 | Zot:3    | Found a transporter.
 91827 | Zot:3    | Found a transporter.
 92448 | Zot:3    | Killed an orb of fire
 93050 | Zot:4    | Reached skill level 15 in Dodging
 93875 | Zot:4    | Found a runed translucent gate.
 93875 | Zot:4    | Found a runed translucent gate.
 94299 | Zot:4    | Reached skill level 15 in Conjurations
 94419 | Zot:4    | Found a runed translucent gate.
 94419 | Zot:4    | Noticed Vytzaeja's ghost (veteran OnBe)
 94422 | Zot:4    | Found a viscous altar of Jiyva.
 94713 | Zot:5    | Entered Level 5 of the Realm of Zot
 95215 | Zot:5    | Reached XP level 25. HP: 92/261 MP: 39/47
 96566 | Zot:5    | Noticed an ancient lich
 96573 | Zot:5    | Killed an ancient lich
 96851 | Zot:5    | Noticed a dread lich
 96865 | Zot:5    | Killed a dread lich
 96954 | Zot:5    | Noticed a dread lich
 96976 | Zot:5    | Noticed a dread lich
 96978 | Zot:5    | Noticed an orb of fire
 96986 | Zot:5    | Gained mutation: You occasionally lose the ability to read
                  | scrolls when taking damage. [an orb of fire]
 97205 | Zot:5    | Noticed a dread lich
 97266 | Zot:5    | Noticed an orb of fire
 97277 | Zot:5    | Killed an orb of fire
 97495 | Zot:5    | Noticed a dread lich
 97666 | Zot:4    | Killed a dread lich
 97679 | Zot:4    | Killed a dread lich
 97879 | Zot:5    | Noticed a Killer Klown
 97889 | Zot:5    | Killed a Killer Klown
 97932 | Zot:5    | Killed a dread lich
 98062 | Zot:5    | Noticed an ancient lich
 98232 | Zot:5    | Killed an ancient lich
 98356 | Zot:5    | Noticed a Killer Klown
 98365 | Zot:5    | Killed a Killer Klown
 98416 | Zot:5    | Killed an orb of fire
 98435 | Zot:5    | Noticed a dread lich
 98457 | Zot:5    | Killed a dread lich
 98465 | Zot:5    | Reached skill level 15 in Evocations
 98695 | Zot:5    | Noticed a Killer Klown
 98775 | Zot:5    | Noticed a Killer Klown
 98787 | Zot:5    | Killed a Killer Klown
 98788 | Zot:5    | Killed a Killer Klown
 98796 | Zot:5    | Reached skill level 23 in Fighting
 98882 | Zot:5    | Noticed an ancient lich
 98887 | Zot:5    | Noticed an orb of fire
 98888 | Zot:5    | Killed an ancient lich
 98893 | Zot:5    | Gained mutation: Your body sometimes deteriorates upon
                  | taking damage. [an orb of fire]
 98894 | Zot:5    | Gained mutation: Your magical capacity is low. (-10% MP)
                  | [an orb of fire]
 98924 | Zot:5    | Gained mutation: You are clumsy. (Dex -2) [an orb of fire]
 98934 | Zot:5    | Killed an orb of fire
 99263 | Zot:4    | Lost mutation: Your body sometimes deteriorates upon taking
                  | damage. [potion of mutation]
 99263 | Zot:4    | Lost mutation: You are robust. (+10% HP) [potion of
                  | mutation]
 99263 | Zot:4    | Gained mutation: You occasionally lose the ability to drink
                  | potions when taking damage. [potion of mutation]
 99263 | Zot:4    | Lost mutation: You occasionally lose the ability to drink
                  | potions when taking damage. [potion of mutation]
 99264 | Zot:4    | Lost mutation: You are clumsy. (Dex -2) [potion of
                  | mutation]
 99264 | Zot:4    | Lost mutation: Your magical capacity is low. (-10% MP)
                  | [potion of mutation]
 99264 | Zot:4    | Lost mutation: You occasionally lose the ability to read
                  | scrolls when taking damage. [potion of mutation]
 99264 | Zot:4    | Gained mutation: You occasionally lose the ability to drink
                  | potions when taking damage. [potion of mutation]
 99264 | Zot:4    | Gained mutation: You are weak. (Str -2) [potion of
                  | mutation]
 99264 | Zot:4    | Gained mutation: You possess an exceptional clarity of
                  | mind. [potion of mutation]
 99264 | Zot:4    | Gained mutation: You expend magic power (3 MP) to
                  | strengthen your wands. [potion of mutation]
 99265 | Zot:4    | Lost mutation: You expend magic power (3 MP) to strengthen
                  | your wands. [potion of mutation]
 99265 | Zot:4    | Lost mutation: You possess an exceptional clarity of mind.
                  | [potion of mutation]
 99265 | Zot:4    | Lost mutation: You are weak. (Str -2) [potion of mutation]
 99265 | Zot:4    | Gained mutation: Your health recovers twice as slowly from
                  | being drained. [potion of mutation]
 99265 | Zot:4    | Gained mutation: You sometimes lose the ability to drink
                  | potions when taking damage. [potion of mutation]
 99265 | Zot:4    | Gained mutation: Your body sometimes deteriorates upon
                  | taking damage. [potion of mutation]
 99266 | Zot:4    | Lost mutation: You sometimes lose the ability to drink
                  | potions when taking damage. [potion of mutation]
 99266 | Zot:4    | Lost mutation: Your body sometimes deteriorates upon taking
                  | damage. [potion of mutation]
 99266 | Zot:4    | Gained mutation: You are agile. (Dex +4, Str/Int -1)
                  | [potion of mutation]
 99266 | Zot:4    | Gained mutation: Your muscles are strong. (Str +4, Int/Dex
                  | -1) [potion of mutation]
 99266 | Zot:4    | Gained mutation: You have hidden genetic defects. [potion
                  | of mutation]
 99266 | Zot:4    | Gained mutation: Your spells are a little harder to cast,
                  | but a little more powerful. [potion of mutation]
 99267 | Zot:4    | Lost mutation: You are agile. (Dex +4, Str/Int -1) [potion
                  | of mutation]
 99267 | Zot:4    | Lost mutation: You have hidden genetic defects. [potion of
                  | mutation]
 99267 | Zot:4    | Lost mutation: You occasionally lose the ability to drink
                  | potions when taking damage. [potion of mutation]
 99267 | Zot:4    | Gained mutation: Your flesh is heat resistant. (rF+)
                  | [potion of mutation]
 99657 | Zot:5    | Killed a dread lich
 99954 | Zot:5    | Noticed a Killer Klown
 99959 | Zot:5    | Killed a Killer Klown
100190 | Zot:5    | Reached skill level 24 in Fighting
100204 | Zot:5    | Noticed a dread lich
100204 | Zot:5    | Noticed a Killer Klown
100614 | Zot:5    | Killed a dread lich
100764 | Zot:5    | Got the Orb of Zot
100778 | Zot:4    | Noticed Gudiq the pandemonium lord
100956 | Depths:1 | Gained mutation: You occasionally lose the ability to drink
                  | potions when taking damage. [a cacodemon]
101227 | D:7      | Noticed Kablirar the pandemonium lord
101266 | D:5      | Noticed Hemol the pandemonium lord
101451 | D:$      | Escaped with the Orb!

Illustrated notes

Levels and vault maps discovered:
D:1:      dpeg_arrival_stone_temple_mockup, layout_basic,
          shapermc_ecumenical_altar_rom_forum
D:2:      layout_rooms, serial_shops, shop, basic_altar
D:3:      layout_basic, chequers_serial_rivers_micro_d,
          kennysheep_jessica_study, uniq_sigmund
D:4:      layout_loops_corners, mainiacjoe_overflow_paths,
          mainiacjoe_overflow_boulevard, nicolae_elevator_lobby_plus
D:5:      layout_cave_pools, mainiacjoe_overflow_concentric_impassable,
          lemuel_doored_altar, pdpol_wu_jian_five_deadly_venoms, temple_doors_e,
          uniq_prince_ribbit1, uniq_crazy_yiuf_cottage
D:6:      layout_rooms, lemuel_blue_sif_altar,
          nemelex_xobeh_ov_fountains_minmay, kennysheep_decorative_pillar,
          uniq_edmund
D:7:      layout_gridville, overflow_temple_1_default,
          mainiacjoe_overflow_brackets, enter_ossuary_4, enter_bailey_2,
          nrook_pool_corridor
D:8:      layout_rooms, mainiacjoe_overflow_catwalk, demons_altar,
          dpeg_oklobed_lair, gammafunk_ghost_split, uniq_erica
D:9:      minmay_weird_star, layout_cave_pools, kennysheep_mini_moat,
          old_standard_altar, mainiacjoe_overflow_alcove_2, minivault_15
D:10:     layout_layer_cave, old_standard_altar, gammafunk_ghost_abyssal_escape,
          serial_ice, serial_ice_b, serial_ice_n, serial_ice_a, serial_ice_d
D:11:     layout_loops_ring, minmay_orc_entry_temple_small, enter_trove_5,
          nicolae_phantomly_mirrored
D:12:     layout_small_grid, nicolae_dithmenos_through_a_glass_darkly
D:13:     layout_long_grid, hellmonk_vaults_order_and_chaos,
          biasface_ghost_orc_armoury, uniq_snorg
D:14:     layout_stronghold, gammafunk_ghost_fury_of_okawaru
D:15:     grunt_enter_depths_snipers, layout_loops_ring
Temple:   nicolae_temple_ecumenical_triangle
Lair:1:   layout_cave_shapes, serial_rivers, chequers_serial_rivers_room_b,
          chequers_serial_rivers_micro_b, chequers_serial_rivers_large_b,
          chequers_serial_rivers_room_a, lemuel_fruit_tree, uniq_urug,
          uniq_jeremiah, uniq_joseph
Lair:2:   layout_loops_ring, nzn_ghost_randoct, beast_lair_carwin_1,
          grunt_megastairs_2
Lair:3:   layout_gridlike, elwin_shoals_entry_rooms,
          hellmonk_spider_entry_not_the_bees, lemuel_fruit_fields
Lair:4:   layout_regular_city, minmay_slime_entry_pillars,
          portal_ice_cave_demonic_guard, uniq_josephine
Lair:5:   hellmonk_lair_end_abyssal_woods, layout_loops_ring,
          nicolae_lair_grazing_beasts [nicolae_sub_lair_graze_edge,
          nicolae_sub_lair_graze_edge, nicolae_sub_lair_graze_edge,
          nicolae_sub_lair_graze_edge]
Shoals:1: argonaut_golden_fleece, layout_shoals
Shoals:2: layout_shoals, centaur_isle, uniq_mlioglotl
Shoals:3: layout_shoals, uniq_ilsuiw
Shoals:4: shoals_end_simple, layout_shoals, uniq_donald
Spider:1: layout_spider_delve, drop_trap, uniq_louise, uniq_aizul
Spider:2: layout_cave_pods, uniq_asterion
Spider:3: layout_spider_delve
Spider:4: guppyfry_spider_rune, hangedman_spider_tarantella_strand
Orc:1:    layout_caves, nicolae_shop_firing_range
Orc:2:    grunt_orc_gardens, layout_caves, grunt_orc_garden, grunt_orc_garden,
          grunt_orc_garden, grunt_orc_garden, gauntlet_entry_generic,
          serial_shops, nicolae_shop_stone, basic_altar, nicolae_orc_lava_tube
Vaults:1: gammafunk_sealed_arena, nicolae_vaults_big_angled_halls, v_misc_3,
          hangedman_vaults_stagger, nicolae_vaults_shelves_hall,
          ontoclasm_vaults_decontamination, layout_vaults_big_room
Vaults:2: nicolae_vaults_network_s, v_misc_33, vaults_standard_mumra_x,
          st_cross, nicolae_vaults_closet_pinwheel_6,
          nicolae_vaults_storage_closets_3, nicolae_vaults_yaktaur_gun_rack,
          nicolae_vaults_tetromino_L_2, nicolae_vaults_theta,
          nicolae_vaults_variable_pillar_hall,
          nicolae_vaults_storage_room_water, layout_vaults_ring, uniq_margery
Vaults:3: v_misc_18, v_misc_2, nicolae_vaults_tetromino_T_2,
          minmay_crypt_entry_nasty_monster, nicolae_vaults_surprise_closet,
          serial_ice_m, nicolae_vaults_angled_halls, v_misc_14, v_misc_17,
          vaults_mumra_hex, vaults_room_grid, v_misc_2,
          nicolae_vaults_border_crossing, grunt_vaults_diagonal,
          layout_vaults_maze_snakey
Vaults:4: nicolae_vaults_wrenched, vaults_room_door_hall,
          nicolae_vaults_more_shelving_2, vaults_mumra_minichess_inversion,
          vaults_room_semicircle, grunt_vaults_hallway_short,
          vaults_room_stairs_pillars, layout_vaults_omnigrid, uniq_mara
Vaults:5
Depths:1: layout_gridlike, abyss_entry, fedhas_altar_1, serial_shops,
          nicolae_inconvenience_store, nicolae_shop_advertising_works
          [nicolae_subvault_shop_adworks], shop,
          nicolae_shop_just_a_little_nook, nicolae_shop_tiny_real_fake_doors,
          pf_hell_entry_tar_spiral, grunt_decor_junction, lemuel_another_geyser,
          minmay_shop_grove
Depths:2: grunt_runaround [grunt_runaround_loot, grunt_runaround_doors_1,
          grunt_runaround_doors_2, grunt_runaround_doors_3,
          grunt_runaround_doors_4], hell_entry, pan_entry, uniq_grunn
Depths:3: minmay_broken_ring, layout_cave_pools, serial_bayou_pond_a,
          infiniplex_enter_wizlab_water, abyss_entry,
          grunt_hell_entry_dis_grunt, infiniplex_staircase_split_hallway,
          uniq_mennas
Depths:4: grunt_zot_entry_bicorn, layout_gridville,
          ashenzari_conservatory_becter, hangedman_geh_valley,
          grunt_megastairs_3, uniq_enchantress
Zot:1:    layout_cathedral_of_symmetry
Zot:2:    layout_concentric_octagons, grunt_megastairs_4
Zot:3:    gammafunk_dig_for_victory, layout_cathedral_of_symmetry,
          nicolae_rock_paper_scissors
Zot:4:    layout_onion_interference, gammafunk_ghost_ooze,
          regret_index_zotdec_ceiling_fans
Zot:5:    layout_concentric_octagons, grunt_ministairs_8

Skill      XL: |  1  2  3  4  5  6  7  8  9 10 11 12 13 14 15 16 17 18 19 20 21 22 23 24 25 |
---------------+----------------------------------------------------------------------------+-----
Ice Magic      | 2 3 4 11 14 15 16 | 16.0
Spellcasting   | 3 4 6 9 10 12 14 16 17 19 20 | 20.0
Fighting       | 2 3 5 7 8 12 15 16 18 19 22 24 | 24.5
Dodging        | 3 5 9 11 12 13 15 | 15.0
Shields        | 5 12 14 15 | 15.0
Conjurations   | 8 9 11 15 | 15.0
Alchemy        | 8 9 11 | 11.0
Evocations     | 3 7 8 10 11 15 | 15.0
Staves         | 3 4 7 11 12 | 12.0
Earth Magic    | 6 8 |  8.0
Necromancy     | 6 8 |  8.0
Air Magic      | 4 5 |  5.0
Summonings     | 4 6 |  6.0
Stealth        | |  1.0
Translocations | |  3.0

Action                     |  1- 3 |  4- 6 |  7- 9 | 10-12 | 13-15 | 16-18 | 19-21 | 22-24 | 25-27 || total
---------------------------+-------+-------+-------+-------+-------+-------+-------+-------+-------++-------
  Melee: Club              |     7 |       |       |       |       |       |       |       |       ||     7
         Short sword       |   147 |   212 |    47 |       |       |       |       |       |       ||   406
         Tailslap          |    13 |    41 |    23 |    78 |   162 |   233 |   329 |   430 |    67 ||  1376
         Mace              |       |       |   120 |   168 |       |       |       |       |       ||   288
         Staff             |       |       |       |   287 |   771 |  1120 |  1178 |  1522 |   291 ||  5169
         Bite              |       |       |       |       |    64 |   178 |   230 |   336 |    63 ||   871
   Cast: Freeze            |    27 |    12 |    20 |       |       |       |       |       |       ||    59
         Ozocubu's Armour  |       |     3 |     4 |       |       |     1 |       |       |       ||     8
         Fulminant Prism   |       |       |     1 |   168 |    33 |     1 |     1 |     1 |       ||   205
         Blink             |       |       |       |    11 |       |     4 |     2 |     8 |     3 ||    28
         Borgnjor's Vile C |       |       |       |     1 |    88 |   145 |   150 |   112 |    20 ||   516
         Freezing Cloud    |       |       |       |       |    80 |    96 |   105 |    22 |     2 ||   305
         Summon Lightning  |       |       |       |       |     1 |    47 |    10 |     4 |       ||    62
         Lee's Rapid Decon |       |       |       |       |       |       |    57 |    26 |       ||    83
         Ozocubu's Refrige |       |       |       |       |       |       |    38 |    31 |    44 ||   113
         Irradiate         |       |       |       |       |       |       |       |   164 |    36 ||   200
         Ignite Poison     |       |       |       |       |       |       |       |     4 |       ||     4
         Eringya's Noxious |       |       |       |       |       |       |       |     3 |       ||     3
         Orb of Destructio |       |       |       |       |       |       |       |    16 |    54 ||    70
 Invoke: Potion Petition   |       |       |     1 |     2 |     1 |       |     3 |     4 |     6 ||    17
         Call Merchant     |       |       |       |       |       |     6 |       |       |       ||     6
Ability: Caustic Breath    |       |       |     6 |     4 |     3 |       |       |     2 |       ||    15
  Evoke: Wand              |       |       |       |     6 |     2 |     2 |     8 |     4 |     2 ||    24
         Lightning rod     |       |       |       |       |     3 |     3 |     4 |       |       ||    10
         Tin of tremorston |       |       |       |       |     2 |     2 |     4 |     1 |       ||     9
         Sack of spiders   |       |       |       |       |     1 |     1 |     3 |     4 |       ||     9
         Phantom mirror    |       |       |       |       |       |     2 |       |     1 |       ||     3
         Phial of floods   |       |       |       |       |       |     1 |     1 |     2 |       ||     4
    Use: Scroll            |     1 |     1 |    13 |     8 |     3 |     3 |     1 |    10 |     5 ||    45
         Potion            |       |       |     9 |     2 |       |     4 |     4 |    10 |    17 ||    46
   Stab: Sleeping          |     1 |     1 |     1 |     1 |       |       |     1 |     2 |       ||     7
         Distracted        |       |     1 |     1 |     2 |     5 |     9 |     5 |    11 |       ||    34
         Held in net/web   |       |       |       |       |       |       |     2 |       |       ||     2
         Confused          |       |       |       |       |       |       |       |     1 |       ||     1
 Armour: Skin              |   102 |   119 |   139 |   545 |   717 |  1331 |   837 |  1154 |   219 ||  5163
  Dodge: Dodged            |    87 |   107 |   120 |   357 |   476 |   856 |   479 |   599 |   106 ||  3187
  Block: Buckler           |    40 |    48 |    48 |   146 |   157 |   323 |   268 |       |       ||  1030
         Reflection        |       |       |       |       |       |     5 |    47 |    13 |     3 ||    68
         Kite shield       |       |       |       |       |       |       |   422 |  1353 |   249 ||  2024

Table legend: (Time is in decaauts)
 A = Elapsed time spent in this place.
 B = Non-inter-level travel time spent in this place.
 C = Inter-level travel time spent in this place.
 D = Time resting spent in this place.
 E = Time spent auto-exploring this place.
 F = Levels seen in this place.
 G = Mean time per level.
                   A        B        C        D        E       F      G
               +--------+--------+--------+--------+--------+-----+--------+
         Total | 100358 |  94716 |   5642 |  34747 |  40663 |  49 | 2048.1 |
       Dungeon |  23387 |  21046 |   2341 |   4892 |  11509 |  15 | 1559.1 |
        Temple |     14 |      6 |      8 |      0 |      0 |   1 |   14.0 |
          Lair |   9718 |   8844 |    874 |   3304 |   3795 |   5 | 1943.6 |
        Shoals |   8176 |   7854 |    322 |   3056 |   3348 |   4 | 2044.0 |
   Spider Nest |   8921 |   8711 |    210 |   4171 |   2925 |   4 | 2230.2 |
  Orcish Mines |   2232 |   2130 |    102 |    519 |   1173 |   2 | 1116.0 |
        Vaults |  14629 |  14231 |    398 |   5283 |   6359 |   5 | 2925.8 |
        Depths |  12585 |  11679 |    906 |   4550 |   4533 |   4 | 3146.2 |
           Zot |  15515 |  15036 |    479 |   6749 |   5583 |   5 | 3103.0 |
        Bailey |   1004 |   1004 |      0 |    483 |    114 |   1 | 1004.0 |
      Ice Cave |   1757 |   1757 |      0 |    657 |    763 |   1 | 1757.0 |
        Wizlab |   1903 |   1903 |      0 |    981 |    341 |   1 | 1903.0 |
      Gauntlet |    511 |    511 |      0 |    100 |    218 |   1 |  511.0 |
               +--------+--------+--------+--------+--------+-----+--------+

Top non-repeatable levels by time:
Depths:2: 5070 daAuts
   Zot:5: 4743 daAuts
Vaults:5: 3954 daAuts
    D:11: 3542 daAuts
Vaults:2: 3346 daAuts
Spider:2: 3222 daAuts
   Zot:4: 3028 daAuts
Vaults:3: 2884 daAuts
  Lair:5: 2744 daAuts
   Zot:1: 2728 daAuts
Depths:4: 2687 daAuts
  Lair:2: 2587 daAuts
Depths:1: 2561 daAuts
   Zot:2: 2517 daAuts
Vaults:4: 2516 daAuts
